 Dungeon Crawl Stone Soup version 0.29-a0-284-gf9362112df (webtiles) character file.

Game seed: 2296594396911938109

130 sammy202020 the Skirmisher (level 4, -1/55 HPs)
             Began as a Demonspawn Berserker on Mar 29, 2022.
             Was a Believer of Trog.
             Slain by a goblin
             ... wielding a +0 dagger
              (2 damage)
             ... on level 4 of the Dungeon.
             The game lasted 00:04:46 (2742 turns).

sammy202020 the Skirmisher (Demonspawn Berserker)   Turns: 2742, Time: 00:04:46

Health: -1/55      AC: 10    Str: 18    XL:     4   Next: 90%
Magic:  4/4        EV:  7    Int: 10    God:    Trog [**....]
Gold:   138        SH:  0    Dex: 12    Spells: 3/3 levels left

rFire   . . .      SeeInvis .   a - +0 mace
rCold   . . .      Faith    .   (no shield)
rNeg    . . .      Spirit   .   j - +0 chain mail
rPois   .          Reflect  .   (no helmet)
rElec   .          Harm     .   (no cloak)
rCorr   .          Rampage  .   (no gloves)
Will    .....                   o - +0 pair of boots
Stlth   ..........              (no amulet)
HPRegen 1.18/turn               (no ring)
MPRegen 0.09/turn               (no ring)

@: berserking, very quick
A: powered by death 1
a: Renounce Religion, Berserk, Trog's Hand


You were on level 4 of the Dungeon.
You worshipped Trog.
Trog was pleased with you.
You visited 1 branch of the dungeon, and saw 4 of its levels.

You collected 138 gold pieces.

Inventory:

Hand Weapons
 a - a +0 mace (weapon)
Missiles
 e - 6 poisoned darts (quivered)
Armour
 j - a +0 chain mail (worn)
 n - a +1 scale mail
 o - a +0 pair of boots (worn)
Jewellery
 b - a ring of fire
Wands
 h - a wand of polymorph (8)
Scrolls
 d - 4 scrolls of identify
 f - 3 scrolls of vulnerability
 m - a scroll of magic mapping
Potions
 c - a potion of mutation {unknown}
 g - a potion of heal wounds {unknown}
 i - a potion of berserk rage {unknown}
 k - 2 potions of resistance
 l - a potion of curing


   Skills:
 * Level 3.9 Fighting
 * Level 3.5 Maces & Flails
 * Level 2.8 Armour
 + Level 2.3 Dodging


You had 3 spell levels left.
You didn't know any spells.
Your spell library was empty.

Dungeon Overview and Level Annotations

Branches:
Dungeon (4/15)
 Temple: D:4-7

Altars:
Elyvilon

Annotations:
D:4 Menkaure


Innate Abilities, Weirdness & Mutations

You regenerate a little health from kills.


Message History

The orc hits you from afar with a +5 trident of freezing.
The orc freezes you.
You thump something! Trog accepts your kill.
Trog appreciates your killing of a magic user.
Reactivating autopickup.
You feel a bit more experienced.
The orc hits you from afar with a +5 trident of freezing.
The orc freezes you.
Menkaure calls on the powers of darkness!
Your body is wracked with pain!
* * * LOW HITPOINT WARNING * * *
The adder convulses!
The goblin convulses!
The orc convulses!
Okay, then.
An orc comes into view. It is wielding a +0 hand axe.
Found a white potion.
The orc shouts!
You hear a shout!
An orc comes into view. It is wielding a +0 club.
The orc hits you from afar with a +5 trident of freezing.
* * * LOW HITPOINT WARNING * * *
The orc freezes you.
* * * LOW HITPOINT WARNING * * *
An orc priest comes into view. It is wielding a +0 hand axe.
The orc shouts!
You hit Menkaure.
Menkaure is lightly damaged.
Menkaure hits you but does no damage. The adder bites you but does no damage.
You sock Menkaure!
Menkaure is heavily damaged.
The orc hits you but does no damage. The goblin hits you but does no damage.
The adder bites you but does no damage.
You sock Menkaure!
Menkaure is almost destroyed.
Menkaure hits you but does no damage.
The orc hits you from afar with a +5 trident of freezing!
* * * LOW HITPOINT WARNING * * *
The orc freezes you.
* * * LOW HITPOINT WARNING * * *
The goblin hits you with a +0 dagger.
You die...

####.#. ...#.#.
...... ..
.....## ##?.
#....####...#
#.........##
######........#
!o....M@S).#.$##
..o....g.)......
.o.#.#..o...#..#
. .. #..<....# .
................
......#.........
................
......####.....
.#...# .....


You could see Menkaure, an orc priest, an adder, 3 orcs and a goblin.

Vanquished Creatures
  Ijyb (D:3)
  An orc wizard (D:4)
  3 adders
  A dart slug (D:1)
  An orc (D:4)
  4 ball pythons
  5 bats
  9 endoplasms
  5 giant cockroaches
  3 hobgoblins
  5 frilled lizards
  A goblin (D:1)
  6 kobolds
  4 rats (D:1)
49 creatures vanquished.

Notes
Turn   | Place    | Note
-------+----------+-------------------------------------------
     0 | D:1      | sammy202020 the Demonspawn Berserker began the quest for
                  | the Orb.
     0 | D:1      | Reached XP level 1. HP: 18/18 MP: 1/1
   523 | D:1      | Gained mutation: You regenerate a little health from kills.
                  | [demonic ancestry]
   523 | D:1      | Reached XP level 2. HP: 19/24 MP: 2/2
   962 | D:2      | Reached ** piety under Trog
  1101 | D:2      | Reached XP level 3. HP: 29/29 MP: 3/3
  1985 | D:3      | Found a faded altar of an unknown god.
  2023 | D:3      | Reached XP level 4. HP: 37/37 MP: 4/4
  2101 | D:3      | Noticed Ijyb
  2152 | D:3      | Killed Ijyb
  2732 | D:4      | Noticed Menkaure
  2742 | D:4      | HP: 2/55 [orc/+5 trident of freezing (7)]
  2742 | D:4      | Slain by a goblin

Illustrated notes

Levels and vault maps discovered:
D:1:      lemuel_arrival_tunnels, layout_basic, serial_bayou_pond_d
D:2:      layout_loops_corners, basic_altar
D:3:      layout_basic, ebering_ecumenical_altar_petrified,
          kennysheep_generic_room_6, uniq_ijyb
D:4:      layout_rooms, general_overflow_altar, serial_shops,
          nicolae_shop_bloodbath_and_beyond, uniq_robin, uniq_menkaure

Skill      XL: |  1  2 |
---------------+-------+-----
Armour         | 2 |  2.8
Dodging        | 2 |  2.3
Maces & Flails | 3 |  3.5
Fighting       | |  3.9

Action                   |  1- 3 |  4- 6 || total
-------------------------+-------+-------++-------
Melee: Mace              |   106 |    53 ||   159
Throw: Dart              |     5 |       ||     5
Invok: Berserk           |       |     2 ||     2
  Use: Scroll            |     7 |       ||     7
Armor: Ring mail         |    42 |       ||    42
       Animal skin       |     3 |       ||     3
       Scale mail        |     6 |    30 ||    36
       Chain mail        |       |    13 ||    13
Dodge: Dodged            |    78 |    36 ||   114

Table legend: (Time is in decaauts)
 A = Elapsed time spent in this place.
 B = Non-inter-level travel time spent in this place.
 C = Inter-level travel time spent in this place.
 D = Time resting spent in this place.
 E = Time spent auto-exploring this place.
 F = Levels seen in this place.
 G = Mean time per level.
                   A        B        C        D        E       F      G
               +--------+--------+--------+--------+--------+-----+--------+
         Total |   2787 |   2647 |    140 |     43 |   2069 |   4 |  696.8 |
       Dungeon |   2787 |   2647 |    140 |     43 |   2069 |   4 |  696.8 |
               +--------+--------+--------+--------+--------+-----+--------+

Top non-repeatable levels by time:
     D:2: 1053 daAuts
     D:3: 895 daAuts
     D:1: 828 daAuts
     D:4: 9 daAuts
